 Dungeon Crawl Stone Soup version 0.18.1-8-gdd0e5ea (webtiles) character file.

27 Jerry the Magician (level 2, -1/19 HPs)
             Began as a Demonspawn Wizard on May 24, 2016.
             Slain by a worm (2 damage)
             ... on level 2 of the Dungeon.
             The game lasted 00:07:35 (1433 turns).

Jerry the Magician (Demonspawn Wizard)              Turns: 1433, Time: 00:07:36

Health: -1/19      AC:  2    Str:  7    XL:     2   Next: 93%
Magic:  1/6        EV: 12    Int: 19    God:
Gold:   70         SH:  0    Dex: 13    Spells: 2 memorised, 4 levels left

rFire  . . .     SeeInvis .     g - -1 whip (curse)
rCold  . . .     Gourm    .     a - +0 robe
rNeg   . . .     Faith    .     (no shield)
rPois  .         Spirit   .     b - +0 hat
rElec  .         Dismiss  .     (no cloak)
rCorr  .         Reflect  .     (no gloves)
SustAt .         Harm     .     (no boots)
MR     .....                    (no amulet)
Stlth  ++........               (no ring)
                                (no ring)

@: not resistant to hostile enchantments, unstealthy
A: thin skeletal structure 1
a: no special abilities


You were on level 2 of the Dungeon.
You were hungry.

You visited 1 branch of the dungeon, and saw 2 of its levels.

You collected 70 gold pieces.

Inventory:

Hand Weapons
 g - a cursed -1 whip (weapon)
 o - a +1 hand axe of venom
 p - a cursed -2 spear
Missiles
 j - 58 stones (quivered)
Armour
 a - a +0 robe (worn)
 b - a +0 hat (worn)
Jewellery
 m - an uncursed ring of flight {unknown}
Scrolls
 e - 2 scrolls of magic mapping {unknown}
 h - a scroll of noise {unknown}
 i - 2 scrolls of amnesia {unknown}
 k - a scroll of fog {unknown}
 n - a scroll of identify {unknown}
Potions
 q - a potion of degeneration {unknown}
 r - a potion of lignification {unknown}
Books
 c - a book of Minor Magic

   Spells                             Type                      Level
   a - Magic Dart                     Conjuration                  1
   b - Blink                          Translocation                2
   c - Call Imp                       Summoning                    2
   d - Repel Missiles                 Charms/Air                   2
   e - Slow                           Hexes                        2
   f - Conjure Flame                  Conjuration/Fire             3
   g - Mephitic Cloud                 Conjuration/Poison/Air       3
Comestibles
 d - a bread ration
 f - 2 meat rations
 l - a slice of pizza
 s - a chunk of flesh


   Skills:
 - Level 1.7 Dodging
 - Level 1.7 Stealth
 - Level 3.0 Spellcasting
 - Level 2.1 Conjurations
 + Level 2.1 Summonings
   Level 0.8 Translocations


You had 4 spell levels left.
You knew the following spells:

 Your Spells              Type           Power        Failure   Level  Hunger
a - Magic Dart            Conj           ##..         10%         1    None
b - Call Imp              Summ           ##......     12%         2    ##.....


Dungeon Overview and Level Annotations

Branches:
Dungeon (2/15)

Altars:
Ashenzari


Innate Abilities, Weirdness & Mutations

You have a somewhat thin skeletal structure (Dex +2, Stealth).


Message History

The worm is heavily wounded.
Your crimson imp blinks!
The worm barely misses you.
You hit the worm.
The worm is severely wounded.
You are feeling hungry.
You barely miss the worm.
The worm is severely wounded.
The worm misses you.
You hit the worm but do no damage.
The worm is heavily wounded.
The worm closely misses you.
You hit the worm.
The worm is heavily wounded.
The worm bites you!
Ouch! That really hurt!
* * * LOW HITPOINT WARNING * * *
Found a bread ration.
The worm bites you.
You die...

...#######.#.......
#..........).......
.(.....†...((.w....
#.#.######(#.#.####
#####(#.# # ...#(#.#
.#.#.####.#(#.# #
>............#.#.#
..#.#.####...#@#.#####
.............w.)......
......####.#.#5#.###..
...........#...#..%
...........##..# ###
#.##.....#.##..#
..$......+.###.##
#.##.....### #..#
#.....# #..##


You could see a worm and a friendly crimson imp.

Vanquished Creatures
  A dart slug (D:1)
  3 bats
  2 giant cockroaches (D:1)
  5 goblins
  2 hobgoblins (D:1)
  2 giant newts
  6 kobolds
  3 rats
24 creatures vanquished.

Notes
Turn   | Place    | Note
--------------------------------------------------------------
     0 | D:1      | Jerry the Demonspawn Wizard began the quest for the Orb.
     0 | D:1      | Reached XP level 1. HP: 13/13 MP: 4/4
   325 | D:1      | You fall through a shaft!
   445 | D:1      | Gained mutation: You have a somewhat thin skeletal structure (Dex +2, Stealth). [demonic ancestry]
   445 | D:1      | Reached XP level 2. HP: 18/19 MP: 3/6
   547 | D:1      | Learned a level 2 spell: Call Imp
  1080 | D:2      | Found a shattered altar of Ashenzari.
  1433 | D:2      | Slain by a worm

Skill      XL: |  1  2 |
---------------+-------+-----
Conjurations   | 2 |  2.1
Summonings     | 2 |  2.1
Dodging        | |  1.7
Stealth        | |  1.7
Spellcasting   | |  3.0
Translocations | |  0.8

Action                   || total
-------------------------++-------
Melee: Whip              ||    23
Throw: Stone             ||     9
 Cast: Magic Dart        ||    62
       Call Imp          ||     1
  Eat: Chunk             ||     1
Armor: Robe              ||     3
Dodge: Dodged            ||    17
